Map: Ulrena

Players

dipwood - Winner!

  • Race: Protoss Protoss
  • League: Master

FoxeR

  • Race: Terran Terran
  • League: Master

VOD

Have the link to the VOD?

Description

Time

  • Played on: Jan. 18, 2016, 9:56 p.m.
  • Length: 6:47
Show
View Real Time Build Order
Export as new Build Order

dipwood Protoss - Winner!

Build Orders: Oracle Opening 

Get SALT Encoding   

  12  0:01  Probe (Chrono Boost)  
  13  0:11  Probe (Chrono Boost)  
  14  0:17  Pylon  
  14  0:24  Probe (Chrono Boost)  
  15  0:36  Probe (Chrono Boost)  
  15  0:37  Gateway  
  16  0:46  Probe (Chrono Boost)  
  16  0:47  Assimilator  
  18  0:57  Probe (Chrono Boost)  
  18  0:58  Assimilator  
  18  1:15  Probe (Chrono Boost)  
  19  1:25  Cybernetics Core  
  19  1:26  Probe (Chrono Boost)  
  20  1:38  Probe (Chrono Boost)  
  21  1:46  Pylon  
  21  1:57  Nexus  
  21  2:07  Stargate  
  21  2:11  Probe (Chrono Boost)  
  24  2:23  Mothership Core (Chrono Boost)  
  24  2:29  Stalker  
  25  2:45  Probe (Chrono Boost)  
  25  2:46  Pylon  
  26  2:56  Pylon  
  26  2:58  Oracle (Chrono Boost)  
  26  3:03  Probe  
  30  3:14  Pylon  
  30  3:22  Stalker  
  32  3:27  Probe  
  32  3:28  Probe  
  34  3:57  Probe  
  34  3:58  Probe  
  34  4:01  Stalker  
  34  4:02  Warp Gate  
  40  4:03  Phoenix (Chrono Boost)  
  40  4:07  Probe  
  41  4:10  Probe  
  42  4:18  Probe  
  42  4:23  Probe, Pylon  
  44  4:28  Forge  
  44  4:29  Phoenix (Chrono Boost)  
  46  4:31  Pylon  
  46  4:43  Probe  
  47  4:46  Stalker  
  49  4:55  Pylon  
  49  4:57  Pylon  
  48  5:15  Gateway  
  48  5:16  Phoenix (Chrono Boost)  
  48  5:17  Gateway  
  50  5:31  Pylon  
  50  5:32  Pylon  
  47  5:56  Probe  
  47  5:57  Probe  
  49  6:06  Probe  
  49  6:09  Probe  
  51  6:17  Probe  
  51  6:21  Probe  
  53  6:27  Probe  
  53  6:30  Stalker  
  53  6:31  Stalker x2  
  60  6:33  Probe  
  60  6:36  Nexus  
  60  6:38  Pylon  
  64  6:43  Twilight Council  
Show
View Real Time Build Order
Export as new Build Order

FoxeR Terran 

Build Orders: Cyclone Opening 

Get SALT Encoding   

  12  0:01  SCV  
  13  0:13  SCV  
  14  0:18  Supply Depot  
  14  0:25  SCV  
  15  0:28  Refinery  
  15  0:40  SCV  
  16  0:45  Barracks  
  16  0:52  SCV  
  17  1:04  SCV  
  18  1:14  Refinery  
  18  1:16  SCV  
  19  1:31  SCV  
  20  1:41  Barracks Tech Lab  
  20  1:42  Supply Depot  
  20  1:43  Orbital Command  
  20  1:49  Factory  
  20  2:00  Marauder  
  22  2:09  SCV  
  23  2:21  SCV  
  24  2:25  Supply Depot  
  24  2:33  SCV  
  24  2:34  Engineering Bay  
  25  2:41  Cyclone  
  25  2:43  Mag-Field Accelerator  
  28  2:48  SCV  
  29  3:13  Cyclone  
  32  3:21  Missile Turret  
  32  3:45  Cyclone  
  29  3:56  SCV  
  30  4:07  Command Center  
  30  4:08  SCV  
  31  4:17  Cyclone  
  31  4:21  SCV  
  35  4:26  Barracks  
  35  4:27  Barracks  
  35  4:29  Starport  
  35  4:35  Supply Depot  
  27  4:46  SCV  
  27  5:07  Cyclone  
  28  5:08  SCV  
  29  5:20  SCV  
  31  5:32  SCV  
  31  5:35  Barracks  
  30  5:53  SCV  
  21  6:02  SCV  
  14  6:34  Command Center  
  14  6:35  Command Center  
Tags
 
Add a new tag
Caveats
  • Supply blocks, unpowered buildings, or Contaminate may cause inaccurate times.
  • Supply counts are checked every 10 seconds.